 Dungeon Crawl Stone Soup version 0.16.1-28-gcc2312f (webtiles) character file.

210 Kidiri the Sneak (level 6, 0/39 HPs)
             Began as a Halfling Assassin on May 27, 2015.
             Succumbed to a water moccasin's poison
             ... on level 2 of the Dungeon.
             The game lasted 00:42:30 (3150 turns).

Kidiri the Sneak (Halfling Assassin)                Turns: 3150, Time: 00:42:31

Health: 0/39       AC:  7    Str: 12    XL:     6   Next: 12%
Magic:  7/7        EV: 14    Int: 10    God:
Gold:   82         SH:  0    Dex: 17    Spells: 1 memorised, 5 levels left

rFire  . . .     SeeInvis .     h - +0 short sword
rCold  . . .     Clarity  .     j - +2 leather armour {rPois}
rNeg   . . .     SustAb   .     (no shield)
rPois  +         Gourm    .     E - +0 helmet
rElec  .         Spirit   .     d - +0 cloak
rCorr  .         Warding  .     (no gloves)
rMut   .         Stasis   .     (no boots)
MR     .....                    (no amulet)
Stlth  +++.......               (no ring)
                                (no ring)

@: lethally poisoned (0 -> -7), hasted, very quick, not resistant to hostile
enchantments, fairly stealthy
A: deterioration 1, mutation resistance 1
a: no special abilities


You were on level 2 of the Dungeon.
You were not hungry.

You visited 1 branch of the dungeon, and saw 3 of its levels.

You collected 82 gold pieces.

Inventory:

Hand weapons
 b - a +0 blowgun
 h - a +0 short sword (weapon)
 m - a +0 dagger
 q - a +0 short sword
 t - a +0 dagger
 B - a +0 dagger (quivered)
 C - a +0 dagger
 D - a +0 dagger
Missiles
 a - 9 poisoned needles
 y - 2 curare-tipped needles
Armour
 c - a +0 robe
 d - a +0 cloak (worn)
 i - a +0 leather armour
 j - a +2 leather armour of poison resistance (worn)
 s - a +0 cloak
 E - a +0 helmet (worn)
Jewellery
 u - an uncursed ring of loudness
Scrolls
 e - a scroll of magic mapping
 f - 2 scrolls of enchant weapon {unknown}
 l - a scroll of amnesia
 p - a scroll of immolation
 w - a scroll of random uselessness
 z - a scroll of remove curse
Potions
 r - a potion of mutation
 x - a potion of poison {unknown}
Books
 k - a book of Battle

   Spells                             Type                      Level
   a - Infusion                       Charms                       1
   b - Shroud of Golubria             Charms/Translocation         2
   c - Song of Slaying                Charms                       2
   d - Spectral Weapon                Hexes/Charms                 3
   e - Regeneration                   Charms/Necromancy            3
Comestibles
 g - a bread ration
 v - 2 slices of pizza
 A - 2 meat rations


   Skills:
 + Level 2.2 Fighting
 * Level 4.1 Short Blades
 * Level 4.5 Throwing
 + Level 1.4 Armour
 * Level 2.1 Dodging
 * Level 5.2 Stealth
 * Level 0.8 Spellcasting
 * Level 0.2 Charms


You had 5 spell levels left.
You knew the following spells:

 Your Spells              Type           Power        Failure   Level  Hunger
a - Infusion              Chrm           #.....       50%         1    ##.....


Dungeon Overview and Level Annotations

Branches:
Dungeon (3/15)

Altars:


Innate Abilities, Weirdness & Mutations

You are small and have problems with some larger weapons.
You are somewhat resistant to further mutation.
Your body is slowly deteriorating.


Message History

The water moccasin is lightly wounded.
You feel sick.
The water moccasin bites you but does no damage.
You hit the water moccasin but do no damage.
The water moccasin is lightly wounded.
You feel sick. The water moccasin barely misses you.
The water moccasin misses you.
You hit the water moccasin.
The water moccasin is moderately wounded.
You feel sick. The water moccasin bites you.
* * * LOW HITPOINT WARNING * * *
You can't go up here!
Drink which item? (? for menu, Esc to quit)
It was a potion of mutation.
You feel extremely strange.
You feel yourself wasting away. The water moccasin bites you!
* * * LOW HITPOINT WARNING * * *
Drink which item? (? for menu, Esc to quit)
It was a potion of haste.
You feel yourself speed up.
You die...

#.#.....#
##..............#
..†(#####
#...........(..#
#.###
#..............#
#.#
#..............#
#.#
#.........^....#
#.#
#........#######
#.# #........#
..# ##........#
..# #....S@.###
..# #.......# ..#
#.......# ..#
#.......# ..#
#.......# .)#
#.......# ..#
#.......# ###
#########


You could see a water moccasin.

Vanquished Creatures
  An orc wizard (D:3)
  Natasha (D:3)
  Robin (D:3)
  7 adders
  2 worms (D:2)
  A giant gecko (D:3)
  4 orcs (D:3)
  6 bats
  8 hobgoblins
  7 jackals
  6 giant cockroaches
  2 giant newts
  11 goblins
  7 kobolds
  5 rats
  A plant (D:1)
70 creatures vanquished.

Vanquished Creatures (others)
  4 toadstools (D:1)
4 creatures vanquished.

Grand Total: 74 creatures vanquished

Notes
Turn   | Place    | Note
--------------------------------------------------------------
     0 | D:1      | Kidiri, the Halfling Assassin, began the quest for the Orb.
     0 | D:1      | Reached XP level 1. HP: 14/14 MP: 1/1
   306 | D:1      | Reached XP level 2. HP: 19/19 MP: 2/2
   827 | D:2      | Reached XP level 3. HP: 24/24 MP: 3/3
  1266 | D:2      | Reached XP level 4. HP: 29/29 MP: 4/4
  1279 | D:2      | Reached skill level 1 in Armour
  1785 | D:3      | Noticed Robin
  2078 | D:3      | Reached XP level 5. HP: 22/34 MP: 5/5
  2116 | D:3      | Learned a level 1 spell: Infusion
  2410 | D:3      | Reached skill level 5 in Stealth
  2657 | D:3      | Killed Robin
  2844 | D:3      | Noticed Natasha
  2865 | D:3      | Killed Natasha
  2865 | D:3      | Reached XP level 6. HP: 16/39 MP: 7/7
  3114 | D:3      | Noticed a water moccasin
  3149 | D:2      | Gained mutation: Your body is slowly deteriorating. [potion of mutation]
  3149 | D:2      | HP: 1/39 [water moccasin (8)]
  3150 | D:2      | Succumbed to a water moccasin's poison

Action                   |  1- 3 |  4- 6 || total
-------------------------+-------+-------++-------
Melee: Dagger            |   137 |    45 ||   182
       Short sword       |     1 |   152 ||   153
       Blowgun           |       |     1 ||     1
 Fire: Blowgun           |    56 |    34 ||    90
  Use: Scroll            |     6 |       ||     6
       Potion            |       |     4 ||     4
 Stab: Sleeping          |     6 |     3 ||     9
       Distracted        |       |     1 ||     1
  Eat: Chunk             |       |     7 ||     7
